 Dungeon Crawl Stone Soup version 0.30-a0-23-ge60ba3568b (webtiles) character file.

Game seed: 16536058982476055324

1964 Spectrina the Magician (level 9, -8/60 HPs)
             Began as a Djinni Venom Mage on Aug 24, 2022.
             Mangled by a kobold brigand
             ... wielding a +0 whip
              (9 damage)
             ... on level 8 of the Dungeon.
             The game lasted 00:25:54 (3087 turns).

Spectrina the Magician (Djinni Venom Mage)          Turns: 3087, Time: 00:25:57

Health: -8/60      AC:  6    Str:  7    XL:     9   Next: 42%
Gold:   217        EV: 13    Int: 25    God:
                   SH:  0    Dex: 14

rFire   + + +      SeeInvis .    j - +7 sling of Floral Prudence {flame, rN+ Int+4}
rCold   x . .      Faith    .    (no shield)
rNeg    + . .      Spirit   .    a - +1 robe
rPois   ∞          Reflect  .    (no helmet)
rElec   +          Harm     .    B - +2 cloak {Stlth+}
rCorr   +          Rampage  .    (no gloves)
Will    +....                    (boots unavailable)
Stlth   +++.......               (no amulet)
HPRegen 0.20/turn                b - ring of fire
MPRegen 0.00/turn                d - ring of willpower

@: resistant, flying, very slightly contaminated
A: sickness immunity, fire resistance 2, cold vulnerability 1, float, innate
caster, HP casting, extra vitality 1
a: no special abilities


You were on level 8 of the Dungeon.
You visited 2 branches of the dungeon, and saw 9 of its levels.

You collected 217 gold pieces.

Inventory:

Hand Weapons
 j - the +7 sling of Floral Prudence (weapon) {flame, rN+ Int+4}
   (You found it on level 2 of the Dungeon)

   Any ammunition fired from it burns those it strikes, dealing additional fire
   damage.
   Int:       It affects your intelligence (+4).
   rN:        It protects you from negative energy.
 q - a +4 flail
 v - a +2 battleaxe of holy wrath
Missiles
 e - 4 javelins
 r - a throwing net
 y - 6 curare-tipped darts
Armour
 a - a +1 robe (worn)
 B - a +2 cloak of stealth (worn)
 E - a scarf of resistance
Magical Staves
 l - a staff of conjuration
Jewellery
 b - a ring of fire (left hand)
 d - a ring of willpower (right hand)
Wands
 w - a wand of mindburst (14)
 C - a wand of roots (11)
Scrolls
 f - a scroll of blinking {unknown}
 h - 4 scrolls of enchant armour
 k - 3 scrolls of identify {unknown}
 m - a scroll of immolation {unknown}
 o - 2 scrolls of noise {unknown}
 p - a scroll of fear {unknown}
 t - a scroll of teleportation {unknown}
 x - a scroll of torment {unknown}
 D - a scroll of enchant weapon {unknown}
Potions
 c - a potion of invisibility {unknown}
 g - 3 potions of haste {unknown}
 i - 2 potions of attraction {unknown}
 n - 3 potions of resistance
 s - a potion of mutation {unknown}
 u - a potion of cancellation {unknown}
 z - a potion of flight {unknown}
 A - a potion of might {unknown}


   Skills:
 + Level 3.0 Fighting
 + Level 4.3 Dodging
 + Level 3.4 Stealth
 * Level 7.7 Spellcasting
 + Level 3.1 Invocations


You had 4 spell levels left.
You knew the following spells:

 Your Spells              Type           Power      Damage    Failure   Level
a - Searing Ray           Conj           96%        2d7       1%          2
d - Sticky Flame          Conj/Fire      64%        2d8       2%          4
f - Scorch                Fire           100%       2d10      1%          2
l - Mephitic Cloud        Conj/Pois/Air  48%        N/A       1%          3
m - Beastly Appendage     Tmut           96%        N/A       1%          1
q - Poisonous Vapours     Pois/Air       96%        N/A       1%          2
s - Sting                 Tmut/Pois      100%       1d8       1%          1
w - Olgreb's Toxic Radia  Pois           48%        N/A       2%          4
Your spell library was empty.

Dungeon Overview and Level Annotations

Branches:
Dungeon (8/15)             Temple (1/1) D:6
   Lair: D:8-11

Altars:
Dithmenos
Elyvilon
Gozag
Hepliaklqana
Makhleb
Nemelex Xobeh
Okawaru
Qazlal
Ru
Uskayaw
Wu Jian
Xom
Zin

Shops:
D:5 [

Annotations:
D:4 Grinder


Innate Abilities, Weirdness & Mutations

You are immune to sickness and miasma.
You are immune to poison.
Your flesh is very heat resistant. (rF++)
You are vulnerable to cold. (rC-)
You float through the air rather than walking.
You learn spells naturally, not from books.
Your magical power is your life essence.
You have superior vitality. (+4 MHP)


Message History

Aim: a wight, wielding a +0 halberd and wearing a +0 robe (100% to hit)
You feel a surge of power!
The sticky flame hits the wight but does no damage.
The wight is covered in liquid flames!
The wight burns!
The wight barely misses you.
The kobold brigand hits you with a +0 whip!
* * * LOW HITPOINT WARNING * * *
The wight hits you from afar with a +0 spear.
* * * LOW HITPOINT WARNING * * *
Unknown command.
Unknown command.
The wight burns!
The kobold brigand hits you with a +0 whip.
* * * LOW HITPOINT WARNING * * *
The wight hits you but does no damage.
Unknown command.
The kobold brigand attacks as you move away!
The kobold brigand hits you with a +0 whip.
* * * LOW HITPOINT WARNING * * *
The wight burns!
You destroy the wight!
Unknown command.
Casting: Sticky Flame (dangerous; 2% risk of failure)
Confirm with . or Enter, or press ? or * to list all spells.
You begin to radiate toxic energy.
The kobold brigand looks even sicker.
The kobold is poisoned.
* * * LOW HITPOINT WARNING * * *
The kobold looks even sicker.
You kill the kobold!
The kobold brigand hits you with a +0 whip.
* * * LOW HITPOINT WARNING * * *
Unknown command.
Unknown command.
It was a potion of resistance.
You feel protected.
The kobold brigand looks even sicker.
Your toxic aura wanes.
The wight closely misses you.
The kobold brigand hits you with a +0 whip!
You die...

..............
....##.#...##..
.............. ♣
.....##......#
###.##.>..♣..
........... #
#.##.).# #.
#.#.)....# ....
#..@Kz)..#..♣..
#######).......:
.......z....#.#.
................
.......##..♣...♣
....... ....#..
###.... ..♣...♣
#.... ......
..... ...#.#


You could see a kobold brigand (very poisoned) and a wight.

Vanquished Creatures
  2 water moccasins
  A sky beast (D:7)
  2 ice beasts (D:5)
  3 ogres
  A phantom (D:6)
  A kobold brigand (D:7)
  A necrophage (D:6)
  5 scorpions
  3 wights (D:8)
  A howler monkey (D:6)
  An orc priest (D:4)
  4 hounds
  2 jellies
  3 orc wizards
  4 iguanas
  5 adders
  2 shadow imps
  2 white imps
  An ufetubus (D:7)
  2 dart slugs (D:3)
  18 orcs
  3 ball pythons
  3 bats (D:1)
  3 endoplasms
  5 goblins
  4 hobgoblins
  2 jackals (D:5)
  2 frilled lizards
  9 kobolds
  A rat (D:3)
96 creatures vanquished.

Vanquished Creatures (others)
  An orc (D:5)
1 creature vanquished.

Grand Total: 97 creatures vanquished

Notes
Turn   | Place    | Note
-------+----------+-------------------------------------------
     0 | D:1      | Spectrina the Djinni Venom Mage began the quest for the
                  | Orb.
     0 | D:1      | Spectrina set off with the following spells memorised:
                  | Sting, Poisonous Vapours, Mephitic Cloud, Olgreb's Toxic
                  | Radiance.
     0 | D:1      | Reached XP level 1. HP: 15/15 MP: 0/0
   206 | D:1      | Reached XP level 2. HP: 15/21 MP: 0/0
   469 | D:2      | Identified the +7 sling of Floral Prudence {flame, rN+
                  | Int+4}
   513 | D:2      | Reached skill level 3 in Spellcasting
   525 | D:2      | Reached XP level 3. HP: 21/25 MP: 0/0
   525 | D:2      | Learned a level 1 spell: Beastly Appendage
   944 | D:3      | Found a shadowy altar of Dithmenos.
  1032 | D:4      | Reached XP level 4. HP: 27/31 MP: 0/0
  1078 | D:3      | Reached skill level 4 in Spellcasting
  1132 | D:5      | Entered Level 5 of the Dungeon
  1135 | D:5      | Noticed a scorpion
  1138 | D:5      | Reached XP level 5. HP: 30/35 MP: 0/0
  1138 | D:5      | Learned a level 2 spell: Searing Ray
  1139 | D:5      | Noticed an ice beast
  1190 | D:5      | Noticed an ogre
  1252 | D:5      | Found Zuummasy's Antique Armour Emporium.
  1309 | D:4      | Noticed Grinder
  1362 | D:4      | Reached XP level 6. HP: 8/40 MP: 0/0
  1421 | D:4      | Found an ornate altar of the Wu Jian Council.
  1470 | D:5      | Reached skill level 5 in Spellcasting
  1603 | D:5      | Noticed an ogre
  1637 | D:5      | Killed an ogre
  1638 | D:5      | Reached XP level 7. HP: 20/45 MP: 0/0
  1638 | D:5      | Learned a level 2 spell: Scorch
  1674 | D:5      | Reached skill level 6 in Spellcasting
  1846 | D:5      | Reached XP level 8. HP: 13/51 MP: 0/0
  1979 | D:6      | Reached skill level 1 in Fighting
  1979 | D:6      | Reached skill level 1 in Invocations
  1985 | D:6      | Reached skill level 7 in Spellcasting
  2455 | D:7      | Reached XP level 9. HP: 47/58 MP: 0/0
  2455 | D:7      | Learned a level 4 spell: Sticky Flame
  2662 | D:6      | Found a staircase to the Ecumenical Temple.
  2673 | Temple   | Entered the Ecumenical Temple
  3086 | D:8      | HP: 1/60 [kobold brigand/+0 whip (5)]
  3087 | D:8      | Mangled by a kobold brigand

Illustrated notes

Levels and vault maps discovered:
D:1:      dpeg_chamrin_arrival_tetris, layout_loops_cross,
          shapermc_ecumenical_altar_gd
D:2:      layout_basic, corexii_hall_statues_x
D:3:      layout_basic, grunt_temple_overflow_holy_war, lemuel_doored_altar,
          mainiacjoe_overflow_alcove_1, hex_tiny, uniq_terence, uniq_ijyb
D:4:      layout_rooms, nicolae_vehumet_altar_sigil,
          nicolae_wu_jian_immortal_techniques, uniq_grinder
D:5:      layout_loops_ring, serial_shops, nicolae_shop_statue_plus,
          kennysheep_cluttered_room, grunt_decor_cap, lemuel_old_faithful
D:6:      layout_basic, minmay_temple_entry_nine_rooms
D:7:      layout_basic
D:8:      layout_basic, mainiacjoe_overflow_two_lobes, lair_entry_dummy,
          minmay_misc_feat_iff, minmay_misc_feat_hallway,
          nicolae_kite_square_tiling_tiny
Temple:   nicolae_temple_godzebo

Skill      XL: |  1  2  3  4  5  6  7  8  9 |
---------------+----------------------------+-----
Spellcasting   | 3 4 5 6 7 |  7.7
Fighting       | 2 3 |  3.0
Stealth        | 2 3 |  3.4
Invocations    | 2 3 |  3.1
Dodging        | 3 4 |  4.3

Action                   |  1- 3 |  4- 6 |  7- 9 || total
-------------------------+-------+-------+-------++-------
Melee: Flail             |       |     6 |       ||     6
 Fire: Sling             |    26 |    39 |    57 ||   122
Throw: Javelin           |     1 |       |       ||     1
 Cast: Sting             |    13 |     7 |       ||    20
       Olgreb's Toxic Ra |       |     4 |     7 ||    11
       Poisonous Vapours |       |     1 |     1 ||     2
       Searing Ray       |       |     2 |       ||     2
       Scorch            |       |       |    32 ||    32
       Mephitic Cloud    |       |       |     1 ||     1
       Sticky Flame      |       |       |     8 ||     8
  Use: Scroll            |       |     1 |       ||     1
       Potion            |       |       |     1 ||     1
Armor: Robe              |     2 |     3 |     2 ||     7
Dodge: Dodged            |     9 |    10 |    18 ||    37

Table legend: (Time is in decaauts)
 A = Elapsed time spent in this place.
 B = Non-inter-level travel time spent in this place.
 C = Inter-level travel time spent in this place.
 D = Time resting spent in this place.
 E = Time spent auto-exploring this place.
 F = Levels seen in this place.
 G = Mean time per level.
                   A        B        C        D        E       F      G
               +--------+--------+--------+--------+--------+-----+--------+
         Total |   3138 |   2882 |    256 |      0 |      0 |   9 |  348.7 |
       Dungeon |   3079 |   2823 |    256 |      0 |      0 |   8 |  384.9 |
        Temple |     58 |     58 |      0 |      0 |      0 |   1 |   58.0 |
               +--------+--------+--------+--------+--------+-----+--------+

Top non-repeatable levels by time:
     D:5: 740 daAuts
     D:2: 630 daAuts
     D:6: 536 daAuts
     D:4: 364 daAuts
     D:7: 327 daAuts
     D:1: 307 daAuts
     D:3: 134 daAuts
  Temple: 58 daAuts
     D:8: 39 daAuts
